 Dungeon Crawl Stone Soup version 0.21-a0-26-g7b23a2f (webtiles) character file.

445 poirepourri the Shield-Bearer (level 7, -8/43 HPs)
             Began as a Gargoyle Fighter on May 25, 2017.
             Was an Initiate of Makhleb.
             Mangled by a two-headed ogre
             ... wielding a +0 giant club
              (23 damage)
             ... on level 5 of the Dungeon.
             The game lasted 00:03:43 (3824 turns).

poirepourri the Shield-Bearer (Gargoyle Fighter)    Turns: 3824, Time: 00:03:44

Health: -8/43      AC: 11    Str: 20    XL:     7   Next: 3%
Magic:  7/7        EV:  8    Int:  8    God:    Makhleb [......]
Gold:   198        SH: 12    Dex: 11    Spells: 6/6 levels left

rFire    . . .     SeeInvis .   a - +0 flail
rCold    . . .     Gourm    .   c - +0 shield
rNeg     + . .     Faith    .   b - +0 scale mail
rPois    ∞         Spirit   .   (no helmet)
rElec    +         Reflect  +   (no cloak)
rCorr    .         Harm     .   (no gloves)
MR       .....                  (no boots)
Stlth    ..........             p - +2 amulet of reflection
Regen    0.2/turn               (no ring)
MPRegen  0.1/turn               (no ring)

@: no status effects
A: negative energy resistance 1, electricity resistance, unbreathing,
petrification resistance, rot immunity, AC +4
a: Renounce Religion


You were on level 5 of the Dungeon.
You worshipped Makhleb.
Makhleb was noncommittal.
You were not hungry.

You visited 1 branch of the dungeon, and saw 5 of its levels.

You collected 198 gold pieces.

Inventory:

Hand Weapons
 a - a +0 flail (weapon)
Missiles
 e - 44 bolts
Armour
 b - a +0 scale mail (worn)
 c - a +0 shield (worn)
Jewellery
 p - a +2 amulet of reflection (around neck)
Wands
 j - a wand of random effects (31/48)
Scrolls
 g - 3 scrolls of teleportation
 n - a scroll of remove curse
 q - a scroll of identify
Potions
 d - a potion of curing
 h - a potion of flight
 i - a potion of invisibility {unknown}
 l - 2 potions of cancellation
 o - a potion of haste
 s - a potion of ambrosia {unknown}
Comestibles
 f - 2 bread rations
 m - a meat ration


   Skills:
 + Level 4.1 Fighting
 + Level 4.4 Maces & Flails
 - Level 3.2 Armour
 + Level 2.3 Dodging
 + Level 5.6 Shields


You had 6 spell levels left.
You didn't know any spells.

Dungeon Overview and Level Annotations

Branches:
Dungeon (5/15)
 Temple: D:4-7

Altars:
Fedhas
Makhleb
Okawaru
Trog
Wu Jian


Innate Abilities, Weirdness & Mutations

You are resistant to torment.
Your stone body is resilient. (AC +4)
You are immune to poison.
You resist negative energy. (rN+)
You are resistant to electric shocks. (rElec)
You can survive without breathing.
You are immune to petrification.
You are immune to rotting.


Message History

The two-headed ogre hits you with a dire flail!
You hit the two-headed ogre.
The two-headed ogre is moderately wounded.
You block the two-headed ogre's attack. The two-headed ogre closely misses you.
You hit the two-headed ogre.
The two-headed ogre is moderately wounded.
The two-headed ogre hits you with a giant club!
The two-headed ogre closely misses you.
You hit the two-headed ogre.
The two-headed ogre is moderately wounded.
The two-headed ogre barely misses you. The two-headed ogre closely misses you.
You sock the two-headed ogre!
The two-headed ogre is heavily wounded.
You block the two-headed ogre's attack.
The two-headed ogre hits you with a dire flail.
You hit the two-headed ogre.
The two-headed ogre is heavily wounded.
The two-headed ogre hits you with a giant club!!
Ouch! That really hurt!
You die...

#####
##...#########
##.....##.@O..#
#.......#.###.#
#...........#
#...†...#.#.#
##.....##.#.#
##...###.. .
##.## #.....
###.##########
#....>#


You could see a two-headed ogre.

Vanquished Creatures
  A scorpion (D:4)
  A howler monkey (D:4)
  A hound (D:4)
  Natasha (thrice) (D:2)
  An iguana (D:5)
  3 worker ants (D:4)
  4 gnolls
  6 adders
  2 worms (D:2)
  4 dart slugs
  4 giant cockroaches
  4 goblins
  5 hobgoblins
  7 jackals
  8 bats
  2 frilled lizards
  3 kobolds
  A leopard gecko skeleton (D:4)
  5 rats
65 creatures vanquished.

Notes
Turn   | Place    | Note
-------+----------+-------------------------------------------
     0 | D:1      | poirepourri the Gargoyle Fighter began the quest for the Orb.
     0 | D:1      | Reached XP level 1. HP: 14/14 MP: 1/1
   314 | D:1      | Reached XP level 2. HP: 14/19 MP: 2/2
   838 | D:1      | Reached skill level 4 in Shields
   838 | D:1      | Reached XP level 3. HP: 23/23 MP: 3/3
  1214 | D:2      | Reached XP level 4. HP: 22/28 MP: 4/4
  1218 | D:2      | Noticed Natasha
  1230 | D:2      | Killed Natasha
  1230 | D:2      | Reached skill level 1 in Dodging
  1410 | D:2      | Noticed Natasha
  1418 | D:2      | Killed Natasha
  1554 | D:2      | Reached XP level 5. HP: 30/33 MP: 5/5
  1915 | D:2      | Noticed Natasha
  1935 | D:2      | Killed Natasha
  2174 | D:2      | Found a burning altar of Makhleb.
  2183 | D:2      | Became a worshipper of Makhleb the Destroyer
  2386 | D:3      | You fall through a shaft!
  2518 | D:4      | Reached skill level 5 in Shields
  2518 | D:4      | Reached XP level 6. HP: 10/38 MP: 6/6
  3094 | D:4      | Found a blossoming altar of Fedhas.
  3570 | D:4      | Found a bloodstained altar of Trog.
  3575 | D:4      | Found an ornate altar of the Wu Jian Council.
  3696 | D:4      | Found an iron altar of Okawaru.
  3787 | D:5      | Entered Level 5 of the Dungeon
  3810 | D:5      | Reached XP level 7. HP: 43/43 MP: 7/7
  3816 | D:5      | Noticed a two-headed ogre
  3824 | D:5      | Mangled by a two-headed ogre

Vault maps used:
D:1:      mushboom_english_gardens, st_stairs_6
D:2:      lightli_temple_of_fire, uniq_natasha
D:3:      vehumet_crystals, first_bread, uniq_ijyb, uniq_jessica
D:4:      amethyst_overflow_temple_binary, lemuel_doored_altar,
          grunt_ministairs_10, kennysheep_okawaru_gauntlet
D:5:      old_standard_altar, chei_slow_surprise, uniq_eustachio

Skill      XL: |  1  2  3  4  5  6 |
---------------+-------------------+-----
Shields        | 4 5 |  5.6
Maces & Flails | 3 4 |  4.4
Dodging        | 1 2 |  2.3
Fighting       | 4 |  4.1
Armour         | |  3.2

Action                   |  1- 3 |  4- 6 |  7- 9 || total
-------------------------+-------+-------+-------++-------
Melee: Flail             |   101 |   233 |     7 ||   341
  Use: Scroll            |     3 |     8 |       ||    11
       Potion            |       |     3 |       ||     3
  Eat: Bread ration      |     1 |     1 |       ||     2
       Fruit             |       |     2 |       ||     2
Armor: Scale mail        |    94 |   165 |       ||   259
Dodge: Dodged            |    65 |   112 |     4 ||   181
Block: Shield            |   100 |   181 |     4 ||   285
